 Dungeon Crawl Stone Soup version 0.31-a0-325-g067879e3d3 (webtiles) character file.

Game seed: 3327713609545043741

56 cforsyth the Changeling (level 3, -2/28 HPs)
             Began as a Vampire Shapeshifter on July 19, 2023.
             Slain by Natasha (5 damage)
             ... on level 2 of the Dungeon.
             The game lasted 00:01:25 (552 turns).

cforsyth the Changeling (Vampire Shapeshifter)       Turns: 552, Time: 00:01:26

Health: -2/28      AC:  2    Str: 16    XL:     3   Next: 71%
Magic:  3/3        EV: 13    Int: 10    God:
Gold:   50         SH:  0    Dex: 14    Spells: 2/2 levels left

rFire   . .          .
                       - Unarmed
rCold   . . .        (no shield)
rNeg    . . .        a - +0 animal skin
rPois   .            (helmet currently unavailable)
rElec   .            (cloak currently unavailable)
rCorr   .            (gloves currently unavailable)
SInv    +            (boots currently unavailable)
Will    .....        g - amulet of regeneration
Stlth   +            (no ring)
HPRegen 1.24/turn    (no ring)
MPRegen 0.08/turn

%: no passive effects
@: beast-form, healing quickly
A: beast (slay +2), alive, fangs 3, see invisible, vampiric 2
a: Exsanguinate, Begin Untransformation


You were on level 2 of the Dungeon.
You were a hulking beast.
You visited 1 branch of the dungeon, and saw 2 of its levels.

You collected 50 gold pieces.

Inventory:

Armour
 a - a +0 animal skin (worn)
Jewellery
 g - an amulet of regeneration (around neck)
 h - a ring of protection from cold
 j - a ring of ice
Talismans
 c - a beast talisman
Scrolls
 d - 2 scrolls of revelation {unknown}
 e - a scroll of fog {unknown}
 i - 2 scrolls of identify {unknown}
Potions
 b - a potion of lignification
 f - 2 potions of invisibility {unknown}
 k - a potion of heal wounds {unknown}


   Skills:
 + Level 2.4 Fighting
 + Level 2.9 Dodging
 + Level 3.0 Unarmed Combat
 + Level 3.6 Shapeshifting


You had 2 spell levels left.
You didn't know any spells.
Your spell library was empty.

Dungeon Overview and Level Annotations

Branches:
Dungeon (2/15)

Altars:

Annotations:
D:2 Natasha


Innate Abilities, Weirdness & Mutations

You are a hulking beast.
Your limbs bulge with bestial killing power. (Slay +2)
Your natural rate of healing is accelerated.
You have razor-sharp teeth.
You have supernaturally acute eyesight. (SInv)
You are afflicted with vampirism and can become a bat while bloodless.


Message History

Natasha is nearby!
Natasha is nearby!
Natasha is nearby!
Natasha is nearby!
You closely miss Natasha. Your punch misses Natasha.
Natasha closely misses you.
You hit Natasha. Your bite misses Natasha.
Natasha is lightly wounded.
Natasha claws you.
You barely miss Natasha.
Natasha is lightly wounded.
Natasha claws you but does no damage.
You closely miss Natasha.
Natasha is lightly wounded.
Natasha barely misses you.
You hit Natasha.
Natasha is moderately wounded.
Natasha claws you.
You hit Natasha but do no damage.
Natasha is lightly wounded.
Natasha claws you!
You hit Natasha.
Natasha is heavily wounded.
Natasha claws you!
You barely miss Natasha.
Natasha is heavily wounded.
Natasha barely misses you.
You hit Natasha.
Natasha is severely wounded.
Natasha claws you.
* * * LOW HITPOINT WARNING * * *
You closely miss Natasha.
Natasha is severely wounded.
Natasha casts a spell at you. The magic dart hits you.
* * * LOW HITPOINT WARNING * * *
You closely miss Natasha. Your bite misses Natasha.
Natasha is severely wounded.
Natasha claws you.
You die...

#.............
#.............
#...$.........
##.............
#..............
###..$...........
##................
#.........hh.#.
##............#.#
.......:......#.####
#........$....#....##
....................#
....................#
.##...............<.#
...................#
.##.#...............#


You could see Natasha.

Vanquished Creatures
  Natasha (D:2)
  An adder (D:2)
  4 ball pythons (D:1)
  5 endoplasms
  A hobgoblin (D:1)
  A kobold (D:2)
  A quokka (D:1)
  3 bats (D:1)
  A frilled lizard (D:1)
  A goblin (D:1)
  3 rats (D:1)
22 creatures vanquished.

Notes
Turn   | Place    | Note
-------+----------+-------------------------------------------
     0 | D:1      | cforsyth the Vampire Shapeshifter began the quest for the
                  | Orb.
     0 | D:1      | Reached XP level 1. HP: 16/16 MP: 1/1
   179 | D:1      | Reached XP level 2. HP: 22/22 MP: 2/2
   521 | D:2      | Noticed Natasha
   529 | D:2      | Killed Natasha
   530 | D:2      | Gained mutation: You are afflicted with vampirism and can
                  | become a bat while bloodless. [Vampire growth]
   530 | D:2      | Reached XP level 3. HP: 28/28 MP: 3/3
   538 | D:2      | Noticed Natasha
   552 | D:2      | Slain by Natasha

Illustrated notes

Levels and vault maps discovered:
D:1:      ncdulo_smallfort, layout_rooms, corexii_corridor_pit
D:2:      layout_rooms, palyth_stone_intersect, uniq_jessica, uniq_natasha,
          uniq_robin

Skill      XL: |  1  2  3 |
---------------+----------+-----
Fighting       | 2 |  2.4
Unarmed Combat | 3 |  3.0
Dodging        | |  2.9
Shapeshifting  | |  3.6

Action                     || total
---------------------------++-------
  Melee: Unarmed           ||    62
         Bite              ||     2
         Punch             ||     1
   Stab: Sleeping          ||     3
 Armour: Animal skin       ||     7
  Dodge: Dodged            ||    42

Table legend: (Time is in decaauts)
 A = Elapsed time spent in this place.
 B = Non-inter-level travel time spent in this place.
 C = Inter-level travel time spent in this place.
 D = Time resting spent in this place.
 E = Time spent auto-exploring this place.
 F = Levels seen in this place.
 G = Mean time per level.
                   A        B        C        D        E       F      G
               +--------+--------+--------+--------+--------+-----+--------+
         Total |    548 |    517 |     31 |      0 |    357 |   2 |  274.0 |
       Dungeon |    548 |    517 |     31 |      0 |    357 |   2 |  274.0 |
               +--------+--------+--------+--------+--------+-----+--------+

Top non-repeatable levels by time:
     D:1: 508 daAuts
     D:2: 40 daAuts
